 Dungeon Crawl Stone Soup version 0.30-a0-702-gdf48620a09 (webtiles) character file.

Game seed: 15492906082763341957

102 zero the Digger (level 4, 0/26 HPs)
             Began as a Gargoyle Earth Elementalist on Jan 21, 2023.
             Constricted to death by Sigmund (7 damage)
             ... on level 2 of the Dungeon.
             The game lasted 00:02:00 (1525 turns).

zero the Digger (Gargoyle Earth Elementalist)       Turns: 1525, Time: 00:02:01

Health: 0/26       AC:  5    Str: 12    XL:     4   Next: 77%
Magic:  2/8        EV:  8    Int: 17    God:
Gold:   64         SH:  0    Dex: 10    Spells: 4/8 levels left

rFire   . . .      SeeInvis .    g - +0 sling
rCold   . . .      Faith    .    h - +0 buckler
rNeg    + . .      Spirit   .    a - +0 robe
rPois   ∞          Reflect  .    (no helmet)
rElec   +          Harm     .    (no cloak)
rCorr   .          Rampage  .    (no gloves)
Will    .....                    (no boots)
Stlth   +                        (no amulet)
HPRegen 0.24/turn                o - +4 ring of slaying
MPRegen 0.11/turn                (no ring)

@: confused, grasped by roots, constricted
A: sickness immunity, AC +3, negative energy resistance 1, electricity
resistance, torment resistance 1, petrification resistance
a: no special abilities


You were on level 2 of the Dungeon.
You visited 1 branch of the dungeon, and saw 2 of its levels.

You collected 64 gold pieces.

Inventory:

Hand Weapons
 c - a +0 dagger
 g - a +0 sling (weapon)
 n - a +4 short sword
Armour
 a - a +0 robe (worn)
 h - a +0 buckler (worn)
Jewellery
 o - a +4 ring of slaying (left hand)
Scrolls
 i - a scroll of teleportation {unknown}
 j - a scroll of summoning {unknown}
 l - a scroll of vulnerability {unknown}
 m - a scroll of enchant armour {unknown}
 p - a scroll of poison {unknown}
 r - a scroll of fog {unknown}
 s - a scroll of identify {unknown}
Potions
 b - a potion of magic
 d - a potion of might {unknown}
 e - 3 potions of degeneration {unknown}
 f - a potion of resistance {unknown}
 k - a potion of invisibility {unknown}
 q - a potion of curing


   Skills:
 + Level 2.0 Fighting
 - Level 1.5 Dodging
 - Level 2.1 Stealth
 + Level 2.7 Spellcasting
 - Level 2.0 Conjurations
 - Level 0.7 Transmutations
 + Level 4.6 Earth Magic


You had 4 spell levels left.
You knew the following spells:

 Your Spells              Type           Power      Damage    Failure   Level
a - Sandblast             Erth           36%        2d10      3%          1
b - Stone Arrow           Conj/Erth      26%        3d8       19%         3

Your spell library contained the following spells:

 Spells                   Type           Power      Damage    Failure   Level
 Passwall                 Tmut/Erth      9%         N/A       12%         2
 Petrify                  Tmut/Erth      11%        N/A       63%         4


Dungeon Overview and Level Annotations

Branches:
Dungeon (2/15)

Altars:

Annotations:
D:2 Sigmund


Innate Abilities, Weirdness & Mutations

You are immune to sickness and miasma.
Your stone body is resilient. (AC +3)
You are immune to poison.
You resist negative energy. (rN+)
You are resistant to electric shocks. (rElec)
You are resistant to unholy torment.
You are immune to petrification.


Message History

You escape the roots grasp.
Sigmund zaps a wand.
The roots erupt in riotous growth!
The grasping roots grab you! The grasping roots constrict you.
Unknown command.
You're too confused to cast spells.
Sorry, you're not good enough to have a special ability.
Unknown command.
You're too confused to move!
You feel less confused. The grasping roots constrict you.
* * * LOW HITPOINT WARNING * * *
You escape the roots grasp.
Sigmund gestures at you while chanting. You resist with some effort.
Casting: Sandblast (safe; 3% risk of failure)
Confirm with . or Enter, or press ? or * to list all spells.
You don't have enough magic to cast this spell.
Sigmund casts a spell at you.
You are confused.
Sigmund is suddenly surrounded by pale blue light.
Sigmund casts a spell at you.
You are more confused.
Sigmund barely misses you.
You're too confused to move!
A goblin comes into view. It is wielding a +0 dagger.
Sigmund hits you from afar with a +0 scythe.
* * * LOW HITPOINT WARNING * * *
Sigmund zaps a wand.
The roots erupt in riotous growth!
The grasping roots grab you! The grasping roots constrict you.
* * * LOW HITPOINT WARNING * * *
You escape the roots grasp.
Sigmund zaps a wand.
The roots erupt in riotous growth!
The grasping roots grab you! The grasping roots constrict you!
You die...

.. +......#######.#
...#.#...>.....##.#
...#+#.........##.#
#.....g..........#
##..............###
................#
####........@....#
.....†...........#
.......@.........#
........########...
........# #####
...#..... .. #.....
. #...... #......
#.......


You could see Sigmund and a goblin.

Vanquished Creatures
  Jessica (D:2)
  Terence (D:2)
  An adder (D:2)
  A gnoll (D:1)
  A dart slug (D:2)
  4 ball pythons
  3 bats (D:1)
  2 endoplasms (D:1)
  3 goblins (D:1)
  2 hobgoblins (D:1)
  4 jackals (D:1)
  4 kobolds (D:1)
  A quokka (D:1)
  2 frilled lizards
  2 rats
32 creatures vanquished.

Notes
Turn   | Place    | Note
-------+----------+-------------------------------------------
     0 | D:1      | zero the Gargoyle Earth Elementalist began the quest for
                  | the Orb.
     0 | D:1      | Reached XP level 1. HP: 10/10 MP: 3/3
   281 | D:1      | Reached XP level 2. HP: 16/16 MP: 3/5
   324 | D:1      | Reached skill level 1 in Fighting
   324 | D:1      | Reached skill level 1 in Conjurations
   387 | D:1      | Reached skill level 4 in Earth Magic
   477 | D:1      | Reached XP level 3. HP: 20/20 MP: 2/6
   481 | D:1      | Learned a level 3 spell: Stone Arrow
  1154 | D:2      | Noticed Terence
  1164 | D:2      | Killed Terence
  1165 | D:2      | Reached XP level 4. HP: 26/26 MP: 0/7
  1296 | D:2      | Noticed Jessica
  1300 | D:2      | Killed Jessica
  1497 | D:2      | Noticed Sigmund
  1525 | D:2      | Constricted to death by Sigmund

Illustrated notes

Levels and vault maps discovered:
D:1:      onia_arrival_pyramid, layout_loops_corners
D:2:      layout_basic, uniq_sigmund, uniq_jessica, uniq_terence

Skill      XL: |  1  2  3  4 |
---------------+-------------+-----
Fighting       | 1 2 |  2.0
Conjurations   | 1 2 |  2.0
Earth Magic    | 4 |  4.6
Dodging        | |  1.5
Stealth        | |  2.1
Spellcasting   | |  2.7
Transmutations | |  0.7

Action                   |  1- 3 |  4- 6 || total
-------------------------+-------+-------++-------
Melee: Dagger            |    36 |       ||    36
 Fire: Sling             |    11 |     8 ||    19
 Cast: Sandblast         |    26 |     3 ||    29
       Stone Arrow       |     2 |     3 ||     5
Armor: Robe              |    20 |       ||    20
Dodge: Dodged            |    28 |     8 ||    36

Table legend: (Time is in decaauts)
 A = Elapsed time spent in this place.
 B = Non-inter-level travel time spent in this place.
 C = Inter-level travel time spent in this place.
 D = Time resting spent in this place.
 E = Time spent auto-exploring this place.
 F = Levels seen in this place.
 G = Mean time per level.
                   A        B        C        D        E       F      G
               +--------+--------+--------+--------+--------+-----+--------+
         Total |   1547 |   1511 |     36 |    168 |   1075 |   2 |  773.5 |
       Dungeon |   1547 |   1511 |     36 |    168 |   1075 |   2 |  773.5 |
               +--------+--------+--------+--------+--------+-----+--------+

Top non-repeatable levels by time:
     D:1: 1177 daAuts
     D:2: 369 daAuts
